 Dungeon Crawl Stone Soup version 0.23-a0-650-ga4d50d4 (webtiles) character file.

18 Useless the Skirmisher (level 2, 0/37 HPs)
             Began as a Barachi Fighter on Jan 3, 2019.
             Slain by a ball python (2 damage)
             ... on level 2 of the Dungeon.
             The game lasted 00:01:17 (682 turns).

Useless the Skirmisher (Barachi Fighter)             Turns: 682, Time: 00:01:18

Health: 0/37       AC: 21    Str: 17    XL:     2   Next: 70%
Magic:  2/2        EV: -1    Int: 13    God:
Gold:   73         SH:  9    Dex: 11    Spells: 1/1 levels left

rFire    . . .     SeeInvis .   a - +0 long sword
rCold    . . .     Gourm    .   c - +0 shield
rNeg     + + +     Faith    .   (armour currently unavailable)
rPois    +         Spirit   .   (helmet currently unavailable)
rElec    .         Reflect  .   (cloak currently unavailable)
rCorr    .         Harm     .   (gloves currently unavailable)
MR       .....     NoTele   +   (boots currently unavailable)
Stlth    +.........             (no amulet)
HPRegen  0.12/turn              (no ring)
MPRegen  0.08/turn              (no ring)

@: brilliant, tree-form, constricted
A: +LOS, swims
a: no special abilities


You were on level 2 of the Dungeon.
You were not hungry.
You were a tree.
You visited 1 branch of the dungeon, and saw 2 of its levels.

You collected 73 gold pieces.

Inventory:

Hand Weapons
 a - a +0 long sword (weapon)
 k - a +0 dagger of venom
Armour
 b - a +0 scale mail (melded)
 c - a +0 shield (worn)
Scrolls
 i - a scroll of identify {unknown}
 l - a scroll of teleportation {unknown}
Potions
 d - a potion of might
 e - a potion of lignification
 h - a potion of curing {unknown}
 j - a potion of heal wounds {unknown}
Comestibles
 f - 2 rations


   Skills:
 + Level 3.9 Fighting
 + Level 3.0 Long Blades
 + Level 3.8 Armour
 + Level 3.5 Shields


You had one spell level left.
You didn't know any spells.
Your spell library was empty.

Dungeon Overview and Level Annotations

Branches:
Dungeon (2/15)

Altars:
Uskayaw
Vehumet


Innate Abilities, Weirdness & Mutations

Shadows flee at your approach. (+LOS)
You can swim through water.
((You cover ground slowly.))
((You can hop short distances.))


Message History

The leopard gecko bites you.
* * * LOW HITPOINT WARNING * * *
You block the ball python's attack. The ball python constricts you.
The leopard gecko bites you but does no damage.
The frilled lizard bites you.
* * * LOW HITPOINT WARNING * * *
The ball python barely misses you.
You riposte.
Your shield and scale mail prevent you from hitting the ball python.
The ball python is moderately wounded.
The ball python constricts you.
It was a potion of lignification.
You turn into a tree.
Your +0 scale mail melds into your body.
Your roots penetrate the ground.
You block the leopard gecko's attack.
The ball python bites you but does no damage.
The ball python constricts you.
The frilled lizard bites you but does no damage.
It was a potion of brilliance.
You feel clever all of a sudden. You block the leopard gecko's attack.
The ball python bites you.
You die...

._8_.. ....%.
.....
#####+#+#...#
#..........#
#.........# .#
#....(!...##..#
#....l.....#
#...♣l...#
###S###....#
..s ....# (....
....# .......
.... .......)
... #....... ..
.#%..... .
...####


You could see a leopard gecko, a giant cockroach, a ball python and a frilled
lizard.

Vanquished Creatures
  3 bats
  5 goblins (D:1)
  3 jackals (D:1)
  5 kobolds (D:1)
16 creatures vanquished.

Notes
Turn   | Place    | Note
-------+----------+-------------------------------------------
     0 | D:1      | Useless the Barachi Fighter began the quest for the Orb.
     0 | D:1      | Reached XP level 1. HP: 18/18 MP: 1/1
   196 | D:1      | Reached XP level 2. HP: 25/25 MP: 2/2
   666 | D:2      | Found a hide-covered altar of Uskayaw.
   666 | D:2      | Found a radiant altar of Vehumet.
   680 | D:2      | HP: 1/25 [frilled lizard (1)]
   682 | D:2      | Slain by a ball python

Vault maps used:
D:1:      elethiomel_arrival_maze
D:2:      zin_academy, tso_metal_star, nicolae_ru_awakened_eye,
          chequers_temple_overflow_statue_of_worship

Skill      XL: |  1  2 |
---------------+-------+-----
Long Blades    | 3 |  3.0
Fighting       | |  3.9
Armour         | |  3.8
Shields        | |  3.5

Action                   || total
-------------------------++-------
Melee: Long sword        ||    59
  Use: Potion            ||     2
Armor: Scale mail        ||    45
       Skin              ||     2
Dodge: Dodged            ||    21
Block: Shield            ||    40
       Rpst.: Long sword ||     8

Table legend:
 A = Non-vault XP
 B = Vault XP
 C = Vault XP percentage of total XP
 D = Non-vault monster count
 E = Vault monster count
 F = Vault count percentage of total count
                 A         B        C        D         E       F
            +---------+---------+-------+---------+---------+-------
      Total |      27 |       0 |   0.0 |      16 |       0 |   0.0
            +---------+---------+-------+---------+---------+-------
        D:1 |      26 |       0 |   0.0 |      15 |       0 |   0.0
        D:2 |       1 |       0 |   0.0 |       1 |       0 |   0.0
            +---------+---------+-------+---------+---------+-------
